 Dungeon Crawl Stone Soup version 0.21.1-1-g345015f (webtiles) character file.

53 ninurtach the Changer (level 3, 0/28 HPs)
             Began as a Draconian Transmuter on Apr 15, 2018.
             Slain by Terence
             ... wielding a +0 mace
              (1 damage)
             ... on level 2 of the Dungeon.
             The game lasted 00:04:12 (1532 turns).

ninurtach the Changer (Draconian Transmuter)        Turns: 1532, Time: 00:04:13

Health: 0/28       AC:  5    Str: 12    XL:     3   Next: 64%
Magic:  0/6        EV: 12    Int: 14    God:
Gold:   19         SH:  0    Dex: 11    Spells: 3/6 levels left

rFire    . . .     SeeInvis .     - Unarmed
rCold    . . .     Gourm    .   (no shield)
rNeg     . . .     Faith    .   (armour unavailable)
rPois    .         Spirit   +   (helmet restricted)
rElec    .         Reflect  .   (no cloak)
rCorr    .         Harm     .   (no gloves)
MR       .....                  (boots currently unavailable)
Stlth    +.........             i - amulet of guardian spirit
HPRegen  0.09/turn              (no ring)
MPRegen  0.10/turn              (no ring)

@: appendage (expiring)
A: unfitting armour, talons 3, cold-blooded, AC +5
a: End Transformation


You were on level 2 of the Dungeon.
You were not hungry.
You had grown temporary talons.
You visited 1 branch of the dungeon, and saw 2 of its levels.

You collected 19 gold pieces.

Inventory:

Missiles
 a - 21 arrows
Jewellery
 i - an amulet of guardian spirit (around neck)
Scrolls
 d - a scroll of teleportation {unknown}
 e - 3 scrolls of immolation {unknown}
 f - 2 scrolls of remove curse {unknown}
 g - a scroll of fog {unknown}
 j - 4 scrolls of amnesia {unknown}
 l - a scroll of random uselessness {unknown}
 m - a scroll of identify {unknown}
Potions
 h - a potion of flight {unknown}
 k - a potion of lignification {unknown}
 n - a potion of mutation {unknown}
 o - a potion of curing {unknown}
 p - a potion of might {unknown}
Books
 b - a book of Changes

   Spells                             Type                      Level
   a - Beastly Appendage              Transmutation                1
   b - Sticks to Snakes               Transmutation                2
   c - Spider Form                    Transmutation/Poison         3
   d - Ice Form                       Ice/Transmutation            4
   e - Blade Hands                    Transmutation                5
Comestibles
 c - 2 rations


   Skills:
 - Level 1.1 Fighting
 - Level 1.7 Dodging
 - Level 3.0 Unarmed Combat
 - Level 2.0 Spellcasting
 * Level 4.1 Transmutations


You had 3 spell levels left.
You knew the following spells:

 Your Spells              Type           Power        Failure   Level  Hunger
a - Beastly Appendage     Tmut           ##....       4%          1    ##.....
b - Sticks to Snakes      Tmut           ##......     7%          2    ###....


Dungeon Overview and Level Annotations

Branches:
Dungeon (2/15)

Altars:
Uskayaw

Annotations:
D:2 Terence


Innate Abilities, Weirdness & Mutations

Your plain brown scales are hard. (AC +5)
You cannot fit into any form of body armour.
You are cold-blooded and may be slowed by cold attacks.
You have claws for feet.


Message History

You hit Terence. You claw Terence! Terence hits you with a mace.
You take 4 damage, and have 12/28 hp.
You now have 3/6 mp.
You hit Terence but do no damage. Your kick misses Terence.
Terence hits you but does no damage.
You hit Terence but do no damage. Terence hits you but does no damage.
You hit Terence but do no damage. Your kick misses Terence.
You tail-slap Terence, but do no damage.
You completely miss Terence. You claw Terence, but do no damage.
Terence hits you with a mace!
* * * LOW HITPOINT WARNING * * *
You take 7 damage, and have 5/28 hp.
MASSIVE DAMAGE!!
You now have 2/6 mp.
You hit Terence but do no damage. You claw Terence, but do no damage.
Terence hits you with a mace.
* * * LOW HITPOINT WARNING * * *
You take 1 damage, and have 4/28 hp.
You now have 1/6 mp.
You hit Terence. Terence hits you with a mace.
* * * LOW HITPOINT WARNING * * *
You take 3 damage, and have 1/28 hp.
You now have 0/6 mp.
You hit Terence but do no damage. Terence hits you with a mace.
You die...

########### #..........
#.#.#######.. ####
####.#..@@......
.).######......######...
...............#
...##...#......#
..........####.#
..###...#.# #.#
..##....#.####.#
................
............


You could see Terence.

Vanquished Creatures
  3 gnolls (D:1)
  A ball python (D:1)
  A bat (D:1)
  2 giant cockroaches (D:1)
  3 goblins (D:1)
  3 hobgoblins (D:1)
  A frilled lizard (D:1)
  A kobold (D:1)
  3 rats (D:1)
18 creatures vanquished.

Vanquished Creatures (collateral kills)
  A gnoll (D:2)
  A quokka (D:2)
  A rat (D:2)
3 creatures vanquished.

Grand Total: 21 creatures vanquished

Notes
Turn   | Place    | Note
-------+----------+-------------------------------------------
     0 | D:1      | ninurtach the Draconian Transmuter began the quest for the Orb.
     0 | D:1      | Reached XP level 1. HP: 16/16 MP: 3/3
   432 | D:1      | Reached XP level 2. HP: 23/23 MP: 5/5
   480 | D:1      | Reached skill level 3 in Transmutations
   523 | D:1      | Learned a level 2 spell: Sticks to Snakes
   862 | D:2      | Found a hide-covered altar of Uskayaw.
  1203 | D:1      | Reached XP level 3. HP: 20/28 MP: 0/6
  1214 | D:1      | Reached skill level 4 in Transmutations
  1504 | D:2      | Noticed Terence
  1531 | D:2      | HP: 1/28 [Terence/mace (3)]
  1532 | D:2      | Slain by Terence

Skill      XL: |  1  2  3 |
---------------+----------+-----
Transmutations | 3 4 |  4.1
Fighting       | |  1.1
Dodging        | |  1.7
Unarmed Combat | |  3.0
Spellcasting   | |  2.0

Action                   || total
-------------------------++-------
Melee: Unarmed           ||    93
       Tailslap          ||     8
       Headbutt          ||     6
       Kick              ||    10
       Punch             ||     1
 Cast: Beastly Appendage ||     8
       Sticks to Snakes  ||     3
  Eat: Chunk             ||     2
Armor: Skin              ||    34
Dodge: Dodged            ||    64
